 Dungeon Crawl Stone Soup version 0.23-a0-275-g0cf4261 (webtiles) character file.

1351 Faust the Conjurer (level 8, 0/43 HPs)
             Began as a Deep Elf Conjurer on Oct 2, 2018.
             Was an Initiate of Nemelex Xobeh.
             Slain by a killer bee zombie (5 damage)
             ... on level 6 of the Dungeon.
             The game lasted 01:10:47 (7445 turns).

Faust the Conjurer (Deep Elf Conjurer)              Turns: 7445, Time: 01:10:47

Health: 0/43       AC: -5    Str:  5    XL:     8   Next: 36%
Magic:  3/19       EV: 19    Int: 23    God:    Nemelex Xobeh [......]
Gold:   199        SH:  0    Dex: 20    Spells: 2/20 levels left

rFire    . . .     SeeInvis .   t - +2 dagger (distort)
rCold    + . .     Gourm    .   (no shield)
rNeg     + . .     Faith    .   n - +3 leather armour {rN+}
rPois    .         Spirit   .   (no helmet)
rElec    .         Reflect  .   (no cloak)
rCorr    .         Harm     .   (no gloves)
MR       .....                  (no boots)
Stlth    ++++......             (no amulet)
HPRegen  0.14/turn              f - ring of flight
MPRegen  0.16/turn              j - ring of protection from cold

@: agile, corroded, very slightly contaminated
A: no striking features
a: Renounce Religion, Evoke Flight


You were on level 6 of the Dungeon.
You worshipped Nemelex Xobeh.
Nemelex Xobeh was noncommittal.
You were not hungry.

You visited 1 branch of the dungeon, and saw 6 of its levels.

You collected 199 gold pieces.

Inventory:

Hand Weapons
 i - a +0 blowgun
 k - a +1 spear
 p - a +1 whip of venom
 q - a +1 flail of draining
 t - a +2 dagger of distortion (weapon)
Missiles
 g - 117 arrows
 v - 4 needles of sleeping
Armour
 a - a +0 robe
 n - a +3 leather armour of positive energy (worn)
Jewellery
 c - an uncursed ring of see invisible
 f - a ring of flight (left hand)
 j - a ring of protection from cold (right hand)
Wands
 h - a wand of clouds (2)
 w - a wand of acid (9)
 y - a wand of scattershot (7)
Scrolls
 d - a scroll of remove curse
 m - a scroll of identify
 r - a scroll of fear {unknown}
 x - a scroll of noise {unknown}
Potions
 b - a potion of curing
 s - a potion of mutation {unknown}
 u - a potion of flight {unknown}
Miscellaneous
 l - a plain deck of summoning {drawn: 3}
Comestibles
 o - 4 rations


   Skills:
 - Level 1.0 Fighting
 + Level 2.8 Short Blades
 - Level 0.1 Polearms
 - Level 2.0 Throwing
 - Level 2.0 Armour
 + Level 4.9 Dodging
 + Level 5.6 Stealth
 + Level 6.6 Spellcasting
 + Level 7.3 Conjurations
 - Level 0.3 Evocations


You had 2 spell levels left.
You knew the following spells:

 Your Spells              Type           Power        Failure   Level  Hunger
a - Magic Dart            Conj           ####         1%          1    None
b - Searing Ray           Conj           #####.       1%          2    None
c - Dazzling Spray        Conj/Hex       ###...       9%          3    None
d - Iskenderun's Mystic   Conj           #####...     6%          4    ###....
e - Force Lance           Conj/Tloc      ###.....     28%         4    ###....
f - Fulminant Prism       Conj/Hex       ###.......   28%         4    ###....

Your spell library contained the following spells:

 Spells                   Type           Power        Failure   Level  Hunger


Dungeon Overview and Level Annotations

Branches:
Dungeon (6/15)
 Temple: D:4-7

Altars:
Makhleb
Nemelex Xobeh
Ru

Shops:
D:6 =

Annotations:
D:1 1 runed door
D:3 1 runed door, slAvIk159's ghost, amateur MiFi


Message History

You kill the leopard gecko!
The killer bee zombie misses you. The rust devil misses you.
The killer bee zombie misses you.
A leopard gecko and a giant cockroach come into view.
The killer bee zombie hits you.
* * * LOW HITPOINT WARNING * * *
The killer bee zombie hits you.
* * * LOW HITPOINT WARNING * * *
The leopard gecko moves out of view.
You see here a leopard gecko corpse.
You feel better. The killer bee zombie hits you.
* * * LOW HITPOINT WARNING * * *
The rust devil barely misses you.
The centaur unwields an uncursed shortbow.
The centaur closely misses you.
The killer bee zombie barely misses you.
The killer bee zombie misses you. The killer bee zombie hits you.
You die...
Your body disappears without a glow.

#.# #...........#
#.####.#
............#
#.......
....l.......#
#.####.#
............# #.#
............# #.#
.......>...# #.#
#...4#..#####.# #.#
#..@Z.†...l.#.# #..
#...c.#.###.#.# ###
#.....###.##.#.#
#.>.... ###.#.##
....s.... #.#..#
#.#.....#.####c#..#
#.#.........)lY...#
# #.#.......c.Z##.#
#.#.#######.#


You could see a rust devil, a centaur, a killer bee zombie, 2 leopard geckos and
a giant cockroach (wandering).

Vanquished Creatures
  An ice beast (D:5)
  A black bear (D:4)
  A phantom (D:5)
  3 ogres
  A centaur (D:6)
  2 bullfrogs
  2 scorpions (D:5)
  A howler monkey (D:6)
  A hound (D:4)
  A centaur skeleton (D:4)
  An orc priest (D:3)
  A gnoll shaman (D:5)
  A bullfrog skeleton (D:4)
  Jessica (D:2)
  Ijyb (D:4)
  A hound zombie (D:5)
  A hound skeleton (D:6)
  A worker ant zombie (D:5)
  5 adders
  7 gnolls
  A shadow imp (D:5)
  2 oozes
  2 adder zombies (D:5)
  An adder skeleton (D:4)
  2 worms
  A dart slug (D:4)
  3 leopard geckos
  15 orcs
  A ball python (D:1)
  A bat (D:1)
  3 giant cockroaches
  4 goblins
  2 hobgoblins
  5 kobolds
  2 quokkas (D:5)
  5 frilled lizards
  A leopard gecko skeleton (D:4)
  A rat (D:1)
86 creatures vanquished.

Vanquished Creatures (collateral kills)
  A centaur zombie (D:5)
  An orc priest (D:6)
  A leopard gecko (D:5)
  3 orcs (D:6)
  2 jackals (D:5)
  A quokka (D:5)
9 creatures vanquished.

Vanquished Creatures (others)
  3 fulminant prisms (D:6)
3 creatures vanquished.

Grand Total: 98 creatures vanquished

Notes
Turn   | Place    | Note
-------+----------+-------------------------------------------
     0 | D:1      | Faust the Deep Elf Conjurer began the quest for the Orb.
     0 | D:1      | Reached XP level 1. HP: 10/10 MP: 6/6
     2 | D:1      | Found a runed door.
   394 | D:1      | Reached XP level 2. HP: 15/15 MP: 1/8
   557 | D:1      | Learned a level 2 spell: Searing Ray
  1437 | D:2      | Reached skill level 5 in Conjurations
  1894 | D:2      | Noticed Jessica
  1896 | D:2      | Killed Jessica
  1896 | D:2      | Reached XP level 3. HP: 19/19 MP: 6/9
  1901 | D:2      | Learned a level 3 spell: Dazzling Spray
  2876 | D:2      | Reached XP level 4. HP: 23/24 MP: 6/11
  3573 | D:3      | Reached XP level 5. HP: 28/28 MP: 8/12
  3579 | D:3      | Learned a level 4 spell: Iskenderun's Mystic Blast
  3840 | D:3      | Found a runed door.
  3841 | D:3      | Noticed slAvIk159's ghost (amateur MiFi)
  4165 | D:4      | Reached skill level 1 in Armour
  4310 | D:4      | Noticed a black bear
  4322 | D:4      | Killed a black bear
  4322 | D:4      | Reached skill level 1 in Throwing
  4322 | D:4      | Reached skill level 6 in Conjurations
  4322 | D:4      | Reached XP level 6. HP: 29/33 MP: 2/14
  4945 | D:4      | Found a sparkling altar of Nemelex Xobeh.
  4953 | D:4      | Became a worshipper of Nemelex Xobeh the Trickster
  5021 | D:4      | Reached skill level 1 in Fighting
  5021 | D:4      | Reached skill level 5 in Spellcasting
  5030 | D:4      | Learned a level 4 spell: Force Lance
  5070 | D:4      | Received a gift from Nemelex Xobeh
  5138 | D:4      | Noticed Ijyb
  5385 | D:4      | Killed Ijyb
  5385 | D:4      | Reached XP level 7. HP: 24/38 MP: 4/16
  5831 | D:5      | Entered Level 5 of the Dungeon
  6081 | D:5      | Reached skill level 1 in Short Blades
  6731 | D:5      | Learned a level 4 spell: Fulminant Prism
  7127 | D:6      | Reached XP level 8. HP: 43/43 MP: 13/19
  7146 | D:6      | Reached skill level 5 in Stealth
  7157 | D:6      | Reached skill level 7 in Conjurations
  7308 | D:6      | Found a sacrificial altar of Ru.
  7308 | D:6      | Found a burning altar of Makhleb.
  7330 | D:6      | Found Qaes's Jewellery Boutique.
  7422 | D:6      | Noticed a rust devil
  7441 | D:6      | HP: 1/43 [killer bee zombie (5)]
  7445 | D:6      | Slain by a killer bee zombie

Vault maps used:
D:1:      dpeg_arrival_caged_fury
D:2:      uniq_jessica
D:3:      ebering_ghost_inner_flame
D:4:      lemuel_coloured_pillars_altar, first_ration, uniq_ijyb
D:6:      gammafunk_temple_overflow_elements, minmay_temple_entry_grid,
          portal_sewer_entry_f, minmay_shop_grid_forest

Skill      XL: |  1  2  3  4  5  6  7  8 |
---------------+-------------------------+-----
Stealth        | 3 4 5 |  5.6
Conjurations   | 5 6 7 |  7.3
Armour         | 1 2 |  2.0
Throwing       | 1 2 |  2.0
Dodging        | 3 4 |  4.9
Spellcasting   | 4 5 6 |  6.6
Fighting       | 1 |  1.0
Short Blades   | 2 |  2.8
Polearms       | |  0.1
Evocations     | |  0.3

Action                   |  1- 3 |  4- 6 |  7- 9 || total
-------------------------+-------+-------+-------++-------
Melee: Spear             |     4 |       |       ||     4
       Dagger            |       |       |     8 ||     8
 Fire: Blowgun           |       |    15 |       ||    15
 Cast: Magic Dart        |    32 |    45 |    36 ||   113
       Searing Ray       |    10 |    18 |    14 ||    42
       Dazzling Spray    |     1 |     2 |     3 ||     6
       Force Lance       |       |     5 |     9 ||    14
       Iskenderun's Myst |       |     2 |     3 ||     5
       Fulminant Prism   |       |       |     3 ||     3
 Abil: Evoke Flight      |     1 |     2 |       ||     3
Evoke: Deck              |       |       |     3 ||     3
       Wand              |       |       |     2 ||     2
  Use: Scroll            |     2 |     7 |       ||     9
       Potion            |     2 |     3 |     8 ||    13
  Eat: Ration            |     1 |     2 |     3 ||     6
       Chunk             |     2 |     3 |       ||     5
Armor: Leather armour    |     2 |     3 |    12 ||    17
Dodge: Dodged            |     8 |    26 |    43 ||    77

Table legend:
 A = Non-vault XP
 B = Vault XP
 C = Vault XP percentage of total XP
 D = Non-vault monster count
 E = Vault monster count
 F = Vault count percentage of total count
                 A         B        C        D         E       F
            +---------+---------+-------+---------+---------+-------
      Total |    1855 |      76 |   3.9 |      92 |       3 |   3.2
            +---------+---------+-------+---------+---------+-------
        D:1 |      29 |       0 |   0.0 |      13 |       0 |   0.0
        D:2 |      32 |      37 |  53.6 |       8 |       1 |  11.1
        D:3 |      98 |       0 |   0.0 |      18 |       0 |   0.0
        D:4 |     537 |      36 |   6.3 |      16 |       1 |   5.9
        D:5 |     612 |       0 |   0.0 |      25 |       0 |   0.0
        D:6 |     547 |       3 |   0.5 |      12 |       1 |   7.7
            +---------+---------+-------+---------+---------+-------
